 Dungeon Crawl Stone Soup version 0.25-a0-413-g3b4b6a4ccc (webtiles) character file.

Game seed: 12411554974684311618, levelgen mode: deterministic

422 Henning the Ruffian (level 6, -3/62 HPs)
             Began as a Troll Monk on Jan 16, 2020.
             Slain by Pikel
             ... wielding a +1 whip of freezing
              (5 damage)
             ... on level 4 of the Dungeon.
             The game lasted 00:05:37 (3702 turns).

Henning the Ruffian (Troll Monk)                    Turns: 3702, Time: 00:05:38

Health: -3/62      AC:  6    Str: 21    XL:     6   Next: 63%
Magic:  5/5        EV: 11    Int:  6    God:
Gold:   172        SH:  0    Dex: 13    Spells: 5/5 levels left

rFire    . . .     SeeInvis .     - Unarmed
rCold    . . .     Gourm    +   (no shield)
rNeg     . . .     Faith    .   a - +0 robe
rPois    .         Spirit   .   (helmet restricted)
rElec    .         Reflect  .   (no cloak)
rCorr    .         Harm     .   (gloves unavailable)
MR       .....                  (boots unavailable)
Stlth    ++........             (no amulet)
HPRegen  0.60/turn              (no ring)
MPRegen  0.09/turn              (no ring)

@: hasted, very quick
A: large, unfitting armour, claws 3, fast metabolism 3, gourmand, regeneration
1, shaggy fur 1, tough skin 3
a: no special abilities


You were on level 4 of the Dungeon.
You were not hungry.

You visited 1 branch of the dungeon, and saw 5 of its levels.

You collected 172 gold pieces.

Inventory:

Missiles
 e - 275 stones (quivered)
Armour
 a - a +0 robe (worn)
Jewellery
 p - a +3 ring of evasion {unknown}
 q - an uncursed amulet of guardian spirit {unknown}
Wands
 j - a wand of digging (6)
Scrolls
 f - 5 scrolls of teleportation
 g - 2 scrolls of enchant weapon {unknown}
 h - 2 scrolls of blinking {unknown}
 i - 2 scrolls of magic mapping {unknown}
 l - 10 scrolls of identify {unknown}
 m - 3 scrolls of remove curse {unknown}
 o - a scroll of amnesia {unknown}
 r - a scroll of fear {unknown}
 s - a scroll of enchant armour {unknown}
Potions
 c - a potion of curing
 d - a potion of brilliance {unknown}
 k - a potion of cancellation {unknown}
 n - a potion of haste
Comestibles
 b - 13 rations


   Skills:
 + Level 3.8 Fighting
 + Level 3.3 Dodging
 - Level 1.0 Stealth
 * Level 6.0 Unarmed Combat


You had 5 spell levels left.
You didn't know any spells.
Your spell library contained the following spells:

 Spells                   Type           Power        Failure   Level  Hunger
 Animate Skeleton         Necr           N/A          45%         1    ##.....
 Pain                     Necr           #...         45%         1    ##.....
 Vampiric Draining        Necr           #.........   83%         3    ####...
 Animate Dead             Necr           N/A          99%         4    #####..
 Agony                    Necr           #.......     100%        5    ######.


Dungeon Overview and Level Annotations

Branches:
Dungeon (5/15)
 Temple: D:4-7

Altars:
Cheibriados
Fedhas
Gozag
Hepliaklqana
Nemelex Xobeh
Ru
Zin

Shops:
D:2 *   D:4 (

Annotations:
D:3 3 runed translucent doors, Thargor's ghost, amateur GnFE
D:4 Pikel
D:5 Prince Ribbit


Innate Abilities, Weirdness & Mutations

You are too large for most types of armour.
You have claws for hands.
Your metabolism is lightning-fast.
You like to eat raw meat.
Your natural rate of healing is unusually fast.
You are covered in fur. (AC +1)
You have extremely tough skin. (AC +3)


Message History

Pikel freezes you. The slave hits you!
* * * LOW HITPOINT WARNING * * *
You climb upwards.
There is a stone staircase leading down here.
The ogre closely misses you.
You scratch the slave but do no damage. Pikel barely misses you.
The ogre barely misses you.
You barely miss the slave. The slave closely misses you.
Pikel hits you but does no damage.
You closely miss the slave. The slave hits you.
* * * LOW HITPOINT WARNING * * *
The ogre barely misses you.
Pikel hits you with a +1 whip of freezing!
* * * LOW HITPOINT WARNING * * *
Pikel freezes you.
* * * LOW HITPOINT WARNING * * *
It was a potion of haste.
You feel yourself speed up. The slave closely misses you.
Pikel hits you with a +1 whip of freezing.
You die...

#..........###.[##
####.......)..
................#
#####..รท...
.#######........#
#.......... .##
#..>....###
##......... ..##
##......#
#........# ...##
##.....##
##.......# ....##
###....##
##......# .....#
##....p## ##.....#
..)..##
##..#..O@##
##....# ......#
#..####K..# ##...#
.....## #### ###.#
##### ..#### ###
###


You could see Pikel, an ogre and a slave.

Vanquished Creatures
  Edmund (D:5)
  A crimson imp (D:5)
  2 bullfrog skeletons (D:4)
  An orc priest (D:4)
  An orc wizard (D:5)
  A worker ant (D:4)
  A howler monkey zombie (D:3)
  4 adders
  A shadow imp (D:5)
  A worm (D:2)
  4 dart slugs
  2 leopard geckos
  6 orcs
  5 giant cockroaches
  2 goblins
  4 hobgoblins (D:1)
  3 jackals (D:4)
  2 quokkas
  A ball python (D:1)
  8 bats
  5 frilled lizards
  10 kobolds
  2 leopard gecko skeletons (D:4)
  9 rats
77 creatures vanquished.

Vanquished Creatures (others)
  A fungus (D:3)
  3 plants (D:3)
4 creatures vanquished.

Grand Total: 81 creatures vanquished

Notes
Turn   | Place    | Note
-------+----------+-------------------------------------------
     0 | D:1      | Henning the Troll Monk began the quest for the Orb.
     0 | D:1      | Reached XP level 1. HP: 22/22 MP: 0/0
   204 | D:1      | Reached XP level 2. HP: 29/29 MP: 1/1
   877 | D:2      | You fall into a shaft and drop 2 floors!
   902 | D:4      | Reached XP level 3. HP: 36/36 MP: 2/2
  1024 | D:3      | Reached skill level 4 in Unarmed Combat
  1145 | D:2      | Found Gozag's Platinum Reserve.
  1237 | D:2      | Reached XP level 4. HP: 40/45 MP: 3/3
  1383 | D:2      | Found an opulent altar of Gozag.
  1548 | D:2      | Found a sacrificial altar of Ru.
  1632 | D:2      | Found a snail-covered altar of Cheibriados.
  2117 | D:3      | Found a runed translucent gate.
  2118 | D:3      | Identified the +3 dagger of the Extremely Mad {venom,
                  | Int+4}
  2119 | D:3      | Found a runed translucent gate.
  2119 | D:3      | Noticed Thargor's ghost (amateur GnFE)
  2120 | D:3      | Found a runed translucent gate.
  2121 | D:3      | Noticed a big kobold
  2121 | D:3      | Noticed a big kobold
  2258 | D:3      | Found a hazy altar of Hepliaklqana.
  2261 | D:3      | Found a sparkling altar of Nemelex Xobeh.
  2798 | D:4      | Reached XP level 5. HP: 50/53 MP: 4/4
  2829 | D:4      | Found Teriluen's Antique Weapon Shop.
  2855 | D:4      | Reached skill level 5 in Unarmed Combat
  3001 | D:4      | Found a glowing silver altar of Zin.
  3256 | D:5      | Entered Level 5 of the Dungeon
  3296 | D:5      | Found a blossoming altar of Fedhas.
  3296 | D:5      | Noticed Prince Ribbit
  3302 | D:5      | HP: 2/53 [Prince Ribbit (12)]
  3486 | D:5      | Reached XP level 6. HP: 61/61 MP: 5/5
  3486 | D:5      | Noticed Edmund
  3506 | D:5      | Killed Edmund
  3506 | D:5      | Reached skill level 6 in Unarmed Combat
  3612 | D:5      | Noticed Pikel
  3612 | D:5      | Noticed a slave
  3612 | D:5      | Noticed a slave
  3613 | D:5      | Noticed a slave
  3613 | D:5      | Noticed a slave
  3701 | D:4      | HP: 3/62 [Pikel/+1 whip of freezing (9)]
  3701 | D:4      | HP: 1/62 [Pikel/+1 whip of freezing (2)]
  3702 | D:4      | Slain by Pikel

Levels and vault maps discovered:
D:1:      dpeg_arrival_arbitrary_a, layout_basic
D:2:      layout_basic, nicolae_ru_path_of_blood, kennysheep_slug_shrine,
          nicolae_gozag_zags_fifth_avenue
D:3:      layout_loops_ring, grunt_temple_overflow_open,
          gammafunk_ghost_nasty_kobolds, first_ration,
          kennysheep_generic_room_14
D:4:      layout_cave_pods, zin_statuary, serial_shops, shop_fountains
D:5:      layout_basic, basic_altar, kennysheep_crisscross, skrybe_limestone_x,
          minivault_26, uniq_edmund, uniq_menkaure, uniq_prince_ribbit1,
          uniq_pikel

Skill      XL: |  1  2  3  4  5  6 |
---------------+-------------------+-----
Unarmed Combat | 4 5 6 |  6.0
Fighting       | 3 |  3.8
Dodging        | 3 |  3.3
Stealth        | |  1.0

Action                   |  1- 3 |  4- 6 || total
-------------------------+-------+-------++-------
Melee: Unarmed           |   102 |   128 ||   230
       Punch             |     2 |     1 ||     3
  Use: Scroll            |       |     1 ||     1
       Potion            |       |     1 ||     1
 Stab: Sleeping          |     4 |     3 ||     7
  Eat: Chunk             |    17 |    15 ||    32
Armor: Robe              |    40 |    29 ||    69
Dodge: Dodged            |    53 |    58 ||   111

Table legend:
 A = Non-vault XP
 B = Vault XP
 C = Vault XP percentage of total XP
 D = Non-vault monster count
 E = Vault monster count
 F = Vault count percentage of total count
                 A         B        C        D         E       F
            +---------+---------+-------+---------+---------+-------
      Total |     433 |     170 |  28.2 |      75 |       2 |   2.6
            +---------+---------+-------+---------+---------+-------
        D:1 |      34 |       0 |   0.0 |      20 |       0 |   0.0
        D:2 |      71 |       4 |   5.3 |      20 |       1 |   4.8
        D:3 |      34 |       0 |   0.0 |      12 |       0 |   0.0
        D:4 |     187 |       0 |   0.0 |      15 |       0 |   0.0
        D:5 |     107 |     166 |  60.8 |       8 |       1 |  11.1
            +---------+---------+-------+---------+---------+-------
